 Dungeon Crawl Stone Soup version 0.32-a0-361-g289a535e89 (webtiles) character file.

Game seed: 16341127581915730547

3322 cforsyth the Fighter (level 10, -3/80 HPs)
             Began as a Djinni Fire Elementalist on Feb 18, 2024.
             Killed by an exploding human (16 damage)
             ... ignited by their inner flame
             ... in a bailey.
             The game lasted 00:08:55 (6740 turns).

cforsyth the Fighter (Djinni Fire Elementalist)     Turns: 6740, Time: 00:08:55

Health: -3/80      AC:  0    Str:  7    XL:     10   Next: 21%
Gold:   247        EV: 12    Int: 22    God:
                   SH:  0    Dex: 13

rFire   + . .        (no weapon)
rCold   . . .        (no shield)
rNeg    + . .        (no body armour)
rPois   ∞            (no helmet)
rElec   .            (no cloak)
rCorr   .            (no gloves)
SInv    .            (boots unavailable)
Will    +....        x - amulet of regeneration
Stlth   ++           C - ring of ice
HPRegen 1.13/turn    N - ring of positive energy
MPRegen 0.00/turn

%: infuse magic (-4 HP)
@: flying, very slightly contaminated
A: sickness immunity, fire resistance 2, cold vulnerability 1, float, innate
caster, HP casting, extra vitality 1
a: no special abilities


You were in a bailey.
You visited 1 branch of the dungeon, and saw 7 of its levels.
You also visited: Bailey.

You collected 247 gold pieces.


Innate Abilities, Weirdness & Mutations

You are immune to sickness and miasma.
You are immune to poison.
Your flesh is very heat resistant. (rF++)
You are vulnerable to cold. (rC-)
You float through the air rather than walking.
You learn spells naturally, not from books.
Your magical power is your life essence.
You have superior vitality. (+4 MHP)


   Skills:
 + Level 9.9 Fighting
 - Level 2.1 Dodging
 - Level 1.5 Stealth
 + Level 8.1 Spellcasting
 + Level 8.1 Conjurations
 + Level 8.1 Hexes
   Level 0.0 Charms
 + Level 8.1 Summonings
 + Level 8.1 Necromancy
 + Level 8.1 Translocations
   Level 0.0 Transmutations
 + Level 8.1 Fire Magic
 + Level 8.1 Ice Magic
 + Level 8.1 Air Magic
 + Level 8.1 Earth Magic
 + Level 8.1 Alchemy


You knew the following spells:

 Your Spells              Type           Power      Damage    Failure   Level
a - Passwall              Erth           44%        N/A       1%          3
b - Martyr's Knell        Necr/Summ      44%        N/A       2%          4
f - Foxfire               Conj/Fire      100%       2x1d9     1%          1
r - Inner Flame           Hex/Fire       44%        N/A       1%          3
s - Slow                  Hex            100%       N/A       1%          1
y - Searing Ray           Conj           88%        2d7       1%          2
X - Scorch                Fire           88%        2d8       1%          2
Y - Volatile Blastmotes   Fire/Tloc      88%        2d17      1%          3
Z - Flame Wave            Conj/Fire      44%        2d11      2%          4
Your spell library was empty.

Inventory:

Missiles
 r - a throwing net {=f}
Armour
 a - a +0 robe
Magical Staves
 g - a staff of cold {!a}
Jewellery
 x - an amulet of regeneration (around neck)
 C - a ring of ice (left hand)
 N - a ring of positive energy (right hand)
Wands
 v - a wand of mindburst (8)
Scrolls
 b - 3 scrolls of brand weapon {unknown}
 c - 4 scrolls of identify {unknown}
 f - 3 scrolls of blinking {unknown}
 k - a scroll of immolation {unknown}
 l - 2 scrolls of silence {unknown}
 o - a scroll of enchant armour {unknown}
 q - 2 scrolls of revelation
 s - 2 scrolls of teleportation {unknown}
 t - a scroll of amnesia {unknown}
 w - a scroll of enchant weapon {unknown}
 y - a scroll of butterflies {unknown}
Potions
 d - a potion of resistance {unknown}
 e - 3 potions of curing {unknown}
 h - a potion of attraction {unknown}
 i - 2 potions of invisibility {unknown}
 j - 2 potions of magic {unknown}
 m - 2 potions of heal wounds {unknown}
 n - a potion of degeneration {unknown}
 p - a potion of might {unknown}
 u - a potion of brilliance {unknown}

Dungeon Overview and Level Annotations

Branches:
Dungeon (7/15)             Temple (0/1) D:6          Bailey (1/1)

Altars:
Fedhas
Makhleb

▒▒▒▒≈~)≈▒▒≈▒▒
▒~..▒≈~.~≈≈~≈▒
~..!▒≈~..~~~≈▒
▒▒~..▒▒≈~.~.~~~≈▒
▒~.. ▒≈~..~.~~~≈▒
▒.. ▒▒≈~~...~~~≈▒
▒°▒▒▒≈~..~..~~~≈▒
▒)§≈≈~....~.~~~≈▒
▒▒@.........~~≈▒▒
▒~~~.......~~≈▒
▒▒~~~▒▒+▒▒~~≈▒▒
▒▒~▒▒ ▒≈▒▒ ▒▒▒ ▒▒


There were no monsters in sight!


Message History

Casting: Inner Flame (safe; 1% risk of failure)
Confirm with . or Enter, or press ? or * to list all spells.
Flames lash the vault guard.
Flame seeps out of the vault guard.
The vault guard is lightly wounded.
The vault guard's fire resistance burns away.
The human hits you with a +2 heavy hand axe!!
* * * LOW HITPOINT WARNING * * *
The vault guard is engulfed in blazing flames.
Flame seeps out of the vault guard.
Unknown command.
Casting: Scorch (safe; 1% risk of failure)
Confirm with . or Enter, or press ? or * to list all spells.
You miscast Scorch.
You are very lightly contaminated with residual magic.
Nothing appears to happen.
* * * LOW HITPOINT WARNING * * *
The human hits you with a +2 heavy hand axe!
* * * LOW HITPOINT WARNING * * *
The vault guard is engulfed in blazing flames.
Flame seeps out of the vault guard.
Unknown command.
Casting: Scorch (safe; 1% risk of failure)
Confirm with . or Enter, or press ? or * to list all spells.
Flames lash the human.
The human is burned terribly!
* * * LOW HITPOINT WARNING * * *
The human explodes!
The fiery explosion engulfs the vault guard!!!
The vault guard is burned terribly!
The fiery explosion engulfs you! You resist.
You die...

Skill      XL: |  1  2  3  4  5  6  7  8  9 10 |
---------------+-------------------------------+-----
Fighting       | 1 2 3 4 5 7 9 |  9.9
Spellcasting   | 4 5 6 7 8 |  8.1
Conjurations   | 4 5 6 7 8 |  8.1
Hexes          | 4 5 6 7 8 |  8.1
Summonings     | 4 5 6 7 8 |  8.1
Necromancy     | 4 5 6 7 8 |  8.1
Translocations | 4 5 6 7 8 |  8.1
Fire Magic     | 4 5 6 7 8 |  8.1
Ice Magic      | 4 5 6 7 8 |  8.1
Air Magic      | 4 5 6 7 8 |  8.1
Earth Magic    | 4 5 6 7 8 |  8.1
Alchemy        | 4 5 6 7 8 |  8.1
Dodging        | |  2.1
Stealth        | |  1.5

Action                     |  1- 3 |  4- 6 |  7- 9 | 10-12 || total
---------------------------+-------+-------+-------+-------++-------
   Cast: Foxfire           |    84 |   144 |   278 |    22 ||   528
         Scorch            |       |     9 |    34 |    12 ||    55
         Inner Flame       |       |       |     5 |     7 ||    12
         Flame Wave        |       |       |     2 |       ||     2
    Use: Scroll            |       |       |     1 |       ||     1
 Armour: Skin              |     8 |     9 |    26 |     9 ||    52
  Dodge: Dodged            |    16 |     1 |    19 |     5 ||    41

Levels and vault maps discovered:
D:1:      tarquinn_simple_flora_water_d, layout_loops_corners,
          shapermc_ecumenical_altar_venn, serial_bayou_pond_c
D:2:      layout_loops_cross, basic_altar
D:3:      layout_basic, fedhas_ov_isle_minmay, serial_bayou_pond_b,
          minmay_surrounded, uniq_sigmund
D:4:      layout_basic, chequers_hall_statues_y
D:5:      layout_cave_pods, minmay_misc_feat_chi
D:6:      layout_rooms, minmay_temple_entry_trees, glass_columns_a
D:7:      layout_loops_cross, hellmonk_sif_muna_bookshelves, serial_bayou,
          serial_bayou_pond_b, serial_bayou_crossing, serial_bayou_pond_e,
          serial_bayou_shore_b, serial_shops, shop, enter_bailey_5
Bailey:   bailey_axe_froggy_fort_hellmonk, bailey

Notes
Turn   | Place    | Note
-------+----------+-------------------------------------------
     0 | D:1      | cforsyth the Djinni Fire Elementalist began the quest for
                  | the Orb.
     0 | D:1      | cforsyth set off with the following spells memorised:
                  | Foxfire, Scorch, Volatile Blastmotes, Inner Flame, Flame
                  | Wave.
     0 | D:1      | Reached XP level 1. HP: 15/15 MP: 0/0
    68 | D:1      | Reached XP level 2. HP: 19/22 MP: 0/0
    72 | D:1      | Reached skill level 1 in Fighting
   395 | D:1      | Reached XP level 3. HP: 22/27 MP: 0/0
   395 | D:1      | Learned a level 1 spell: Slow
   627 | D:1      | Found a faded altar of an unknown god.
   719 | D:1      | Reached skill level 2 in Fighting
  1346 | D:2      | Reached XP level 4. HP: 31/33 MP: 0/0
  1628 | D:2      | Found a burning altar of Makhleb.
  2066 | D:2      | Reached skill level 3 in Fighting
  2066 | D:2      | Reached XP level 5. HP: 37/40 MP: 0/0
  2066 | D:2      | Learned a level 2 spell: Searing Ray
  2214 | D:3      | Found a blossoming altar of Fedhas.
  2285 | D:3      | Reached skill level 4 in Spellcasting
  2285 | D:3      | Reached skill level 4 in Conjurations
  2285 | D:3      | Reached skill level 4 in Hexes
  2285 | D:3      | Reached skill level 4 in Summonings
  2285 | D:3      | Reached skill level 4 in Necromancy
  2285 | D:3      | Reached skill level 4 in Translocations
  2285 | D:3      | Reached skill level 4 in Fire Magic
  2285 | D:3      | Reached skill level 4 in Ice Magic
  2285 | D:3      | Reached skill level 4 in Air Magic
  2285 | D:3      | Reached skill level 4 in Earth Magic
  2285 | D:3      | Reached skill level 4 in Alchemy
  2822 | D:3      | Noticed Sigmund
  2834 | D:3      | Killed Sigmund
  2835 | D:3      | Reached skill level 4 in Fighting
  2835 | D:3      | Reached XP level 6. HP: 38/47 MP: 0/0
  3252 | D:4      | Reached XP level 7. HP: 21/53 MP: 0/0
  3252 | D:4      | Learned a level 3 spell: Passwall
  3712 | D:4      | Reached skill level 5 in Fighting
  3712 | D:4      | Reached skill level 5 in Spellcasting
  3712 | D:4      | Reached skill level 5 in Conjurations
  3712 | D:4      | Reached skill level 5 in Hexes
  3712 | D:4      | Reached skill level 5 in Summonings
  3712 | D:4      | Reached skill level 5 in Necromancy
  3712 | D:4      | Reached skill level 5 in Translocations
  3712 | D:4      | Reached skill level 5 in Fire Magic
  3712 | D:4      | Reached skill level 5 in Ice Magic
  3712 | D:4      | Reached skill level 5 in Air Magic
  3712 | D:4      | Reached skill level 5 in Earth Magic
  3712 | D:4      | Reached skill level 5 in Alchemy
  4786 | D:5      | Entered Level 5 of the Dungeon
  4837 | D:5      | Reached XP level 8. HP: 58/61 MP: 0/0
  4994 | D:5      | Reached skill level 6 in Fighting
  5900 | D:6      | Reached skill level 6 in Spellcasting
  5900 | D:6      | Reached skill level 6 in Conjurations
  5900 | D:6      | Reached skill level 6 in Hexes
  5900 | D:6      | Reached skill level 6 in Summonings
  5900 | D:6      | Reached skill level 6 in Necromancy
  5900 | D:6      | Reached skill level 6 in Translocations
  5900 | D:6      | Reached skill level 6 in Fire Magic
  5900 | D:6      | Reached skill level 6 in Ice Magic
  5900 | D:6      | Reached skill level 6 in Air Magic
  5900 | D:6      | Reached skill level 6 in Earth Magic
  5900 | D:6      | Reached skill level 6 in Alchemy
  6037 | D:6      | Reached skill level 7 in Fighting
  6125 | D:6      | Reached XP level 9. HP: 68/68 MP: 0/0
  6125 | D:6      | Learned a level 4 spell: Martyr's Knell
  6125 | D:6      | Found a staircase to the Ecumenical Temple.
  6413 | D:7      | Reached skill level 8 in Fighting
  6429 | D:7      | Reached skill level 7 in Spellcasting
  6429 | D:7      | Reached skill level 7 in Conjurations
  6429 | D:7      | Reached skill level 7 in Hexes
  6429 | D:7      | Reached skill level 7 in Summonings
  6429 | D:7      | Reached skill level 7 in Necromancy
  6429 | D:7      | Reached skill level 7 in Translocations
  6429 | D:7      | Reached skill level 7 in Fire Magic
  6429 | D:7      | Reached skill level 7 in Ice Magic
  6429 | D:7      | Reached skill level 7 in Air Magic
  6429 | D:7      | Reached skill level 7 in Earth Magic
  6429 | D:7      | Reached skill level 7 in Alchemy
  6465 | D:7      | Found a flagged portal.
  6466 | D:7      | Noticed a hornet
  6472 | D:7      | Killed a hornet
  6496 | Bailey   | Entered a bailey
  6528 | Bailey   | Reached skill level 9 in Fighting
  6596 | Bailey   | Reached XP level 10. HP: 46/78 MP: 0/0
  6653 | Bailey   | Reached skill level 8 in Spellcasting
  6653 | Bailey   | Reached skill level 8 in Conjurations
  6653 | Bailey   | Reached skill level 8 in Hexes
  6653 | Bailey   | Reached skill level 8 in Summonings
  6653 | Bailey   | Reached skill level 8 in Necromancy
  6653 | Bailey   | Reached skill level 8 in Translocations
  6653 | Bailey   | Reached skill level 8 in Fire Magic
  6653 | Bailey   | Reached skill level 8 in Ice Magic
  6653 | Bailey   | Reached skill level 8 in Air Magic
  6653 | Bailey   | Reached skill level 8 in Earth Magic
  6653 | Bailey   | Reached skill level 8 in Alchemy
  6732 | Bailey   | Noticed a vault guard
  6740 | Bailey   | Killed a vault guard
  6740 | Bailey   | Killed by an exploding human... ignited by their inner
                  | flame

Vanquished Creatures
  A vault guard (Bailey)
  A hornet (D:7)
  Sigmund (D:3)
  6 humans (Bailey)
  2 orc warriors
  2 ice beasts
  An ogre (D:6)
  A black bear (D:7)
  A centaur (D:7)
  A kobold brigand (D:7)
  4 bullfrogs (Bailey)
  3 scorpions
  An electric eel (D:7)
  A howler monkey (D:7)
  A jelly (D:7)
  2 bombardier beetles
  6 orc priests
  A gnoll bouda (D:4)
  2 iguanas
  3 sleepcaps
  7 orc wizards
  7 gnolls
  16 adders
  A white imp (D:6)
  2 ribbon worms
  4 dart slugs
  27 orcs
  5 ball pythons
  4 endoplasms
  2 giant cockroaches
  16 goblins
  8 hobgoblins
  10 jackals
  A kobold (D:2)
  3 quokkas
  7 bats
  7 frilled lizards
  6 rats
174 creatures vanquished.

Vanquished Creatures (collateral kills)
  15 foxfires
15 creatures vanquished.

Vanquished Creatures (others)
  879 foxfires
879 creatures vanquished.

Grand Total: 1068 creatures vanquished

Table legend: (Time is in decaauts)
 A = Elapsed time spent in this place.
 B = Non-inter-level travel time spent in this place.
 C = Inter-level travel time spent in this place.
 D = Time resting spent in this place.
 E = Time spent auto-exploring this place.
 F = Levels seen in this place.
 G = Mean time per level.
                   A        B        C        D        E       F      G
               +--------+--------+--------+--------+--------+-----+--------+
         Total |   6737 |   6594 |    143 |     65 |   5483 |   8 |  842.1 |
       Dungeon |   6493 |   6350 |    143 |      3 |   5390 |   7 |  927.6 |
        Bailey |    243 |    243 |      0 |     62 |     93 |   1 |  243.0 |
               +--------+--------+--------+--------+--------+-----+--------+

Top non-repeatable levels by time:
     D:4: 1545 daAuts
     D:1: 1308 daAuts
     D:5: 1070 daAuts
     D:3: 1049 daAuts
     D:2: 880 daAuts
     D:6: 537 daAuts
  Bailey: 243 daAuts
     D:7: 100 daAuts

Table legend:
 A = Non-vault XP
 B = Vault XP
 C = Vault XP percentage of total XP
 D = Non-vault monster count
 E = Vault monster count
 F = Vault count percentage of total count
                 A         B        C        D         E       F
            +---------+---------+-------+---------+---------+-------
      Total |    2773 |    3022 |  52.1 |     142 |      32 |  18.4
            +---------+---------+-------+---------+---------+-------
        D:1 |      63 |       0 |   0.0 |      22 |       0 |   0.0
        D:2 |      89 |       0 |   0.0 |      23 |       0 |   0.0
        D:3 |      46 |     258 |  84.9 |      12 |       8 |  40.0
        D:4 |     500 |       0 |   0.0 |      35 |       0 |   0.0
        D:5 |     528 |       0 |   0.0 |      19 |       0 |   0.0
        D:6 |     738 |       0 |   0.0 |      24 |       0 |   0.0
        D:7 |     809 |     193 |  19.3 |       7 |       6 |  46.2
     Bailey |       0 |    2571 | 100.0 |       0 |      18 | 100.0
            +---------+---------+-------+---------+---------+-------
